Map: Traitor's Exile

Players

tron

  • Race: Protoss Protoss
  • League: Gold
  • Spawn Location: 6:00

GENERAL

  • Race: Zerg Zerg
  • Spawn Location: 5:00

OpuS - Winner!

  • Race: Protoss Protoss
  • League: Platinum
  • Spawn Location: 9:00

Sketchaphone - Winner!

  • Race: Zerg Zerg
  • League: Platinum
  • Spawn Location: 12:00

VOD

Have the link to the VOD?

Description

Time

  • Played on: Feb. 17, 2019, 11:50 a.m.
  • Length: 16:05
Show
View Real Time Build Order
Export as new Build Order

tron Protoss 

Build Orders: Archon Immortal 

Get SALT Encoding   

  12  0:01  Probe  
  13  0:13  Pylon  
  13  0:18  Probe  
  14  0:32  Gateway  
  14  0:36  Probe  
  15  0:48  Probe  
  16  0:55  Assimilator  
  16  0:58  Probe  
  17  1:06  Probe  
  18  1:15  Probe  
  18  1:21  Cybernetics Core  
  19  1:27  Probe  
  20  1:39  Probe  
  21  1:43  Pylon  
  21  1:50  Assimilator  
  21  1:51  Probe  
  22  2:02  Warp Gate  
  22  2:03  Probe  
  22  2:07  Adept  
  25  2:09  Shield Battery  
  26  2:15  Probe  
  26  2:24  Gateway  
  26  2:29  Gateway  
  26  2:34  Pylon  
  26  2:38  Probe  
  27  2:55  Probe  
  28  2:58  Nexus  
  28  3:00  Pylon  
  28  3:12  Robotics Facility  
  28  3:14  Adept  
  29  3:25  Probe  
  30  3:37  Probe  
  31  3:50  Probe  
  31  3:52  Twilight Council  
  31  3:55  Observer  
  32  3:56  Adept x2  
  37  4:03  Probe  
  38  4:11  Probe  
  38  4:12  Immortal  
  43  4:21  Probe  
  43  4:23  Shield Battery  
  44  4:26  Probe  
  45  4:35  Dark Shrine  
  45  4:36  Probe  
  46  4:40  Gateway  
  46  4:42  Probe  
  46  4:44  Probe  
  46  4:50  Probe  
  46  4:52  Immortal  
  49  5:04  Adept  
  49  5:05  Resonating Glaives  
  47  5:47  Adept x3  
  53  5:52  Probe  
  54  5:59  Assimilator  
  54  6:02  Probe  
  54  6:03  Assimilator  
  55  6:04  Probe  
  55  6:10  Nexus  
  56  6:19  Probe x2  
  56  6:25  Dark Templar x2  
  62  6:34  Pylon x2  
  62  6:36  Gateway  
  62  6:47  Shield Battery  
  62  6:52  Archon, Probe x2  
  64  6:55  Pylon  
  64  6:56  Pylon  
  64  6:57  Immortal  
  64  6:59  Stalker x2  
  72  7:04  Probe x2  
  74  7:16  Probe  
  65  7:29  Dark Templar x2  
  66  7:49  Dark Templar x2  
  63  8:02  Assimilator  
  62  8:06  Assimilator  
  62  8:08  Pylon  
  62  8:11  Pylon  
  62  8:12  Archon x2  
  61  8:15  Stalker x2  
  61  8:19  Probe x2  
  67  8:26  Stalker x2  
  71  8:37  Probe x2  
  71  8:38  Probe  
  74  8:45  Charge  
  74  8:49  Probe  
  74  8:50  Probe x2  
  74  8:53  Shield Battery  
  77  8:58  Immortal  
  77  9:01  Probe  
  82  9:02  Pylon  
  82  9:03  Pylon  
  82  9:07  Robotics Facility  
  82  9:09  Probe  
  83  9:11  Probe  
  83  9:12  Gateway  
  83  9:13  Gateway  
  83  9:16  Probe  
  85  9:17  Gateway x2  
  85  9:19  Pylon  
  85  9:20  Pylon  
  85  9:35  Dark Templar  
  85  9:36  Dark Templar x2  
  91  9:40  Dark Templar  
  83  10:20  Stalker x3  
  83  10:21  Stalker x5  
  89  10:32  Forge x2  
  79  11:07  Dark Templar x6  
  87  11:16  Immortal x2  
  87  11:22  Archon x2  
  87  11:23  Archon x2  
  87  11:24  Protoss Ground Weapons Level 1, Protoss Ground Armor Level 1  
  87  11:29  Probe  
  96  11:41  Zealot x6  
  96  11:42  Zealot x2  
  96  11:46  Immortal  
  112  11:51  Immortal  
  119  12:23  Probe  
  119  12:24  Photon Cannon  
  119  12:25  Photon Cannon, Immortal  
  119  12:26  Photon Cannon  
  119  12:28  Photon Cannon  
  119  12:29  Shield Battery  
  124  12:45  Shield Battery  
  124  12:48  Shield Battery  
  124  12:50  Shield Battery  
  124  12:54  Dark Templar x3  
  124  12:55  Dark Templar x3  
  136  13:00  Archon x3  
  120  13:37  Stalker x2  
  120  13:38  Stalker x5  
  130  13:59  Nexus  
  130  14:02  Protoss Shields Level 1  
  130  14:03  Zealot x2  
  134  14:10  Pylon  
  134  14:12  Pylon  
  134  14:14  Pylon  
Show
View Real Time Build Order
Export as new Build Order

GENERAL Zerg 

Build Orders: Hatch First 

Get SALT Encoding   

  12  0:03  Drone  
  13  0:13  Drone  
  14  0:17  Overlord  
  14  0:37  Drone x3  
  17  0:57  Hatchery  
  17  0:59  Drone  
  17  1:01  Extractor  
  16  1:04  Drone  
  17  1:20  Spawning Pool  
  17  1:23  Drone  
  17  1:49  Drone  
  18  2:01  Overlord  
  18  2:07  Metabolic Boost, Queen  
  20  2:10  Queen  
  20  2:11  Zergling x2  
  20  2:15  Zergling x2  
  24  2:19  Drone  
  25  2:24  Drone  
  26  2:30  Drone  
  27  3:03  Hatchery  
  26  3:11  Drone x2  
  28  3:15  Overlord  
  28  3:18  Overlord  
  28  3:28  Roach Warren  
  26  3:47  Overlord  
  25  4:03  Spore Crawler  
  25  4:05  Spore Crawler  
  25  4:09  Roach  
  25  4:10  Roach x7  
  25  4:16  Drone  
  40  4:21  Drone x2  
  42  4:29  Queen  
  44  4:39  Extractor  
  44  4:41  Lair  
  43  4:49  Zergling x2  
  43  4:50  Zergling x4  
  46  4:57  Roach, Zergling x2  
  31  5:15  Zergling x12  
  31  5:17  Zergling x2  
  31  5:33  Roach, Zergling x2  
  32  5:43  Roach x2  
  36  6:02  Drone x6  
  41  6:13  Queen  
  41  6:16  Drone x2  
  45  6:26  Drone  
  45  6:27  Drone x5  
  51  6:43  Overlord x2  
  51  6:48  Roach x2  
  55  6:55  Overlord  
  55  6:58  Overlord  
  55  7:03  Pneumatized Carapace  
  52  7:14  Roach  
  52  7:15  Roach x4  
  61  7:21  Roach x2  
  61  7:22  Roach  
  56  7:53  Hydralisk Den  
  55  8:11  Extractor  
  54  8:13  Extractor  
  54  8:15  Overlord  
  54  8:18  Drone  
  54  8:19  Drone x2  
  56  8:26  Roach x5  
  66  8:47  Hydralisk x5  
  76  9:06  Hydralisk x4  
  84  9:16  Evolution Chamber  
  83  9:21  Drone x4  
  87  9:27  Ravager x4  
  87  9:29  Ravager  
  92  9:33  Drone  
  93  9:41  Grooved Spines  
  93  9:54  Hydralisk x3  
  73  10:07  Ravager  
  62  10:16  Hydralisk  
  62  10:17  Roach, Hydralisk x2  
  62  10:18  Roach  
  56  10:39  Hydralisk  
  56  10:40  Roach x3  
  54  10:53  Ravager  
  55  10:59  Muscular Augments  
  55  11:02  Overseer  
  55  11:04  Glial Reconstitution  
  55  11:07  Drone x3  
  58  11:19  Drone x4  
  62  11:41  Hatchery  
  61  11:59  Queen  
  63  12:06  Evolution Chamber  
  63  12:08  Evolution Chamber  
  61  12:09  Overlord  
  61  12:34  Hydralisk  
  61  12:35  Roach x3, Hydralisk x2  
  61  12:36  Roach  
  66  12:43  Overseer  
  34  12:59  Roach x2, Hydralisk x2  
  38  13:07  Roach  
  36  13:32  Infestation Pit  
  35  13:51  Hatchery  
  34  15:02  Hydralisk x2  
  34  15:03  Roach x2  
  34  15:05  Roach  
  42  15:15  Roach, Hydralisk x3  
  42  15:16  Roach x2  
  54  15:26  Hatchery  
  54  15:27  Hydralisk x2  
  59  15:35  Roach  
Show
View Real Time Build Order
Export as new Build Order

OpuS Protoss - Winner!

Build Orders:  

Get SALT Encoding   

  12  0:01  Probe  
  13  0:13  Probe  
  14  0:22  Pylon  
  14  0:25  Probe  
  15  0:40  Probe  
  16  0:47  Gateway  
  16  0:49  Probe  
  17  0:57  Probe  
  17  0:58  Assimilator  
  17  1:02  Assimilator  
  18  1:07  Probe  
  19  1:17  Probe  
  19  1:20  Gateway  
  20  1:25  Probe  
  21  1:33  Probe  
  21  1:39  Cybernetics Core  
  22  1:52  Probe  
  23  1:58  Pylon  
  23  2:02  Pylon  
  23  2:11  Warp Gate  
  23  2:14  Probe  
  23  2:17  Stalker  
  23  2:20  Stalker  
  28  2:23  Probe  
  29  2:31  Probe  
  30  2:42  Probe  
  31  2:45  Robotics Facility  
  30  3:03  Nexus  
  30  3:06  Sentry x2  
  34  3:14  Pylon  
  34  3:30  Stargate  
  34  3:35  Gateway  
  34  4:02  Zealot x2  
  38  4:08  Gateway  
  38  4:10  Pylon  
  38  4:15  Probe x2  
  40  4:23  Zealot x2  
  44  4:31  Void Ray  
  48  4:36  Probe x2  
  50  4:47  Stalker  
  50  4:48  Probe x2  
  52  5:00  Probe x2  
  54  5:12  Probe x2  
  54  5:13  Void Ray  
  54  5:37  Probe x2  
  54  5:40  Zealot  
  54  5:41  Zealot x3  
  58  5:45  Twilight Council  
  58  5:49  Probe  
  57  5:56  Void Ray  
  61  6:07  Pylon  
  61  6:09  Pylon  
  61  6:20  Gateway  
  61  6:21  Gateway  
  61  6:23  Probe x2  
  63  6:28  Zealot  
  63  6:29  Zealot, Charge  
  67  6:33  Zealot  
  67  6:35  Zealot, Probe  
  67  6:37  Probe  
  67  6:39  Void Ray  
  77  6:50  Gateway  
  77  6:52  Shield Battery  
  77  6:58  Probe x2  
  79  7:06  Gateway  
  79  7:07  Assimilator  
  79  7:08  Pylon  
  79  7:10  Probe x2, Assimilator  
  77  7:26  Zealot  
  77  7:27  Zealot x4  
  77  7:29  Zealot  
  79  7:39  Void Ray  
  83  8:00  Zealot x3  
  83  8:01  Zealot x2  
  93  8:27  Void Ray  
  93  8:28  Pylon  
  93  8:30  Pylon  
  93  8:32  Pylon  
  93  8:34  Pylon  
  93  8:45  Templar Archives  
  89  8:55  Nexus  
  89  8:59  Pylon  
  89  9:05  Protoss Air Weapons Level 1, Void Ray  
  93  9:22  High Templar x3  
  93  9:23  High Templar x2  
  103  9:27  Archon x2  
  103  9:29  Zealot x3  
  109  9:35  Pylon  
  109  9:37  Pylon  
  109  9:49  Void Ray  
  113  9:56  Psionic Storm  
  81  10:14  Zealot x3  
  81  10:15  Zealot  
  81  10:16  Probe x2  
  81  10:18  Probe  
  70  10:46  Robotics Facility  
  70  10:50  Void Ray  
  70  10:55  Zealot x5  
  84  11:15  Forge  
  84  11:17  High Templar x4, Forge  
  92  11:23  Void Ray  
  92  11:29  Assimilator  
  92  11:32  Pylon  
  92  11:33  Assimilator  
  96  11:42  Zealot  
  96  11:43  Zealot x2  
  96  11:44  Zealot  
  104  11:50  Photon Cannon  
  104  11:56  Probe x3  
  104  12:00  Observer  
  108  12:05  High Templar x2  
  108  12:08  Probe  
  113  12:09  Zealot x3  
  113  12:14  Protoss Ground Weapons Level 1  
  113  12:15  Protoss Ground Armor Level 1  
  119  12:22  Observer  
  120  12:28  Forge  
  120  12:38  Void Ray  
  124  13:07  Zealot  
  124  13:08  Zealot x6  
  124  13:09  Zealot  
  140  13:17  Nexus  
  111  13:29  Void Ray  
  111  13:30  Zealot x3  
  111  13:31  Zealot x2  
  111  13:32  Zealot  
  111  13:33  Protoss Shields Level 1  
  107  13:38  Pylon  
  107  13:55  High Templar x3  
  111  13:56  High Templar x2  
  111  13:57  High Templar  
  111  13:58  High Templar x2  
  123  14:07  Gateway  
  123  14:08  Gateway  
  123  14:10  Void Ray  
  123  14:11  Gateway x2  
  127  14:34  Zealot x2  
  127  14:35  Zealot x3  
  137  14:44  Archon x2  
  137  14:45  Archon  
  91  14:53  Void Ray  
  83  15:13  Probe x3  
  83  15:14  Probe  
  87  15:15  High Templar x2  
  87  15:16  High Templar  
  87  15:17  High Templar  
  87  15:18  High Templar  
  87  15:20  High Templar  
  99  15:24  Zealot x4  
  107  15:29  Probe  
  107  15:30  Probe x3  
Show
View Real Time Build Order
Export as new Build Order

Sketchaphone Zerg - Winner!

Build Orders: Hatch First 

Get SALT Encoding   

  12  0:01  Drone  
  13  0:13  Overlord  
  13  0:18  Drone  
  14  0:31  Drone x2  
  14  0:35  Drone  
  17  0:58  Hatchery  
  17  1:00  Drone  
  17  1:04  Drone  
  18  1:13  Drone, Extractor  
  18  1:26  Spawning Pool  
  18  1:27  Drone  
  18  1:38  Drone  
  19  1:41  Overlord  
  19  1:56  Drone  
  20  2:05  Drone  
  21  2:13  Queen x2  
  25  2:18  Metabolic Boost  
  25  2:30  Zergling x2  
  26  2:38  Drone  
  26  2:41  Roach Warren  
  25  2:46  Zergling x2  
  25  2:48  Drone  
  25  2:49  Drone  
  25  2:50  Drone  
  29  3:01  Drone  
  29  3:02  Overlord  
  30  3:07  Drone x2  
  32  3:24  Roach x3  
  32  3:25  Roach  
  32  3:26  Overlord  
  38  3:38  Drone  
  39  3:43  Drone  
  39  3:44  Overlord, Roach  
  42  3:52  Drone  
  42  3:53  Zergling x2  
  42  3:54  Roach  
  42  3:55  Roach  
  48  3:59  Ravager  
  48  4:02  Roach  
  51  4:12  Overlord  
  51  4:17  Roach  
  51  4:18  Overlord  
  51  4:21  Drone  
  51  4:22  Roach  
  56  4:25  Zergling x6  
  59  4:31  Drone  
  59  4:33  Drone  
  59  4:34  Overlord  
  61  4:47  Overlord  
  61  4:48  Drone x3  
  60  5:21  Roach x2  
  64  5:28  Hatchery  
  63  5:30  Roach x3  
  63  5:40  Drone  
  63  5:41  Drone  
  58  5:44  Drone x2  
  58  5:45  Drone x2  
  58  5:48  Extractor  
  58  5:49  Lair, Extractor x2  
  55  5:58  Zergling x2  
  55  6:13  Zergling x2  
  55  6:16  Drone x5  
  55  6:17  Evolution Chamber x2  
  59  6:23  Zergling x4  
  61  6:35  Drone  
  61  6:36  Drone  
  61  6:39  Queen  
  63  6:41  Roach x2  
  63  6:43  Zerg Missile Weapons Level 1  
  69  6:47  Zerg Ground Armor Level 1  
  69  6:48  Zergling x8  
  73  7:00  Zergling x6  
  76  7:07  Spine Crawler  
  75  7:08  Spine Crawler  
  75  7:10  Spine Crawler x2  
  75  7:15  Queen  
  68  7:30  Zergling x20  
  68  7:33  Queen  
  67  7:47  Drone x3  
  70  8:02  Drone x4  
  70  8:03  Drone  
  70  8:04  Drone x2  
  77  8:08  Overlord, Queen  
  77  8:12  Pneumatized Carapace  
  79  8:36  Roach x3  
  79  8:37  Overlord, Roach  
  79  8:38  Overlord x2  
  79  8:40  Zerg Missile Weapons Level 2  
  85  8:51  Zerg Ground Armor Level 2  
  85  8:52  Roach  
  85  8:53  Roach x2, Evolution Chamber  
  86  9:05  Roach x4  
  86  9:06  Ravager x2, Glial Reconstitution  
  86  9:08  Roach  
  98  9:34  Roach x8  
  98  9:35  Roach x3  
  120  9:44  Roach x2  
  124  9:51  Overlord  
  124  9:52  Overlord  
  107  10:09  Zergling x18  
  101  10:24  Drone x5  
  84  10:45  Overseer  
  84  10:48  Hatchery  
  84  10:49  Zerg Melee Weapons Level 1  
  79  10:52  Drone x3  
  81  11:08  Overseer  
  81  11:17  Infestation Pit  
  80  11:21  Drone x2  
  80  11:22  Drone x3, Extractor  
  80  11:23  Extractor  
  80  11:24  Overlord x2  
  83  11:28  Overlord  
  83  11:33  Overlord x2  
  83  11:35  Roach  
  83  11:36  Roach x7  
  99  11:40  Ravager  
  99  11:41  Ravager  
  101  11:50  Hydralisk Den  
  101  11:52  Overlord  
  100  11:54  Hive  
  100  11:56  Tunneling Claws, Burrow  
  100  12:07  Queen  
  94  12:44  Zergling x16  
  94  12:45  Zergling x18  
  111  13:00  Zergling x8  
  103  13:26  Roach x16  
  121  13:32  Adrenal Glands  
  121  13:33  Zerg Melee Weapons Level 2  
  121  13:34  Ultralisk Cavern  
  110  13:49  Roach x8  
  117  14:11  Drone  
  117  14:12  Drone x5  
  117  14:16  Pathogen Glands  
  123  14:28  Chitinous Plating  
  123  14:29  Hydralisk x5  
  123  14:30  Roach x24, Hydralisk x3  
  137  14:40  Roach x5  
  137  14:43  Hydralisk  
  137  14:44  Hydralisk x7  
  144  15:11  Hydralisk x7  
  158  15:33  Overseer  
  158  15:42  Extractor  
  153  15:43  Extractor  
Tags
 
Add a new tag
Caveats
  • Supply blocks, unpowered buildings, or Contaminate may cause inaccurate times.
  • Supply counts are checked every 10 seconds.